 Dungeon Crawl Stone Soup version 0.30-a0-757-ga6a79fd877 (webtiles) character file.

Game seed: 17954802384744297871

42 NinjaNoafa the Magician (level 3, -3/28 HPs)
             Began as a Djinni Conjurer on Feb 9, 2023.
             Killed by nerve-wracking pain
             ... invoked by an orc priest
              (7 damage)
             ... on level 2 of the Dungeon.
             The game lasted 00:03:09 (676 turns).

NinjaNoafa the Magician (Djinni Conjurer)            Turns: 676, Time: 00:03:09

Health: -3/28      AC:  2    Str:  6    XL:     3   Next: 77%
Gold:   50         EV: 12    Int: 21    God:
                   SH:  0    Dex: 11

rFire   + + .      SeeInvis .    d - +0 mace
rCold   x . .      Faith    .    (no shield)
rNeg    . . .      Spirit   .    a - +0 robe
rPois   ∞          Reflect  .    (no helmet)
rElec   .          Harm     .    (no cloak)
rCorr   .          Rampage  .    (no gloves)
Will    .....                    (boots unavailable)
Stlth   ++                       (no amulet)
HPRegen 0.24/turn                (no ring)
MPRegen 0.00/turn                (no ring)

@: flying
A: sickness immunity, fire resistance 2, cold vulnerability 1, float, innate
caster, HP casting, extra vitality 1
a: no special abilities


You were on level 2 of the Dungeon.
You visited 1 branch of the dungeon, and saw 2 of its levels.

You collected 50 gold pieces.

Inventory:

Hand Weapons
 d - a +0 mace (weapon)
Armour
 a - a +0 robe (worn)
Scrolls
 b - a scroll of blinking {unknown}
 e - 2 scrolls of identify {unknown}
 f - a scroll of immolation {unknown}
Potions
 c - a potion of cancellation {unknown}
 g - a potion of haste {unknown}


   Skills:
 + Level 2.0 Fighting
 - Level 2.1 Dodging
 - Level 1.5 Stealth
 + Level 3.7 Spellcasting


You couldn't memorise any spells.
You knew the following spells:

 Your Spells              Type           Power      Damage    Failure   Level
a - Magic Dart            Conj           76%        1d6       2%          1
b - Searing Ray           Conj           38%        2d5       4%          2
c - Dazzling Flash        Conj/Hex       38%        N/A       8%          3
d - Fulminant Prism       Conj/Hex       9%         3d6       26%         4
e - Iskenderun's Mystic   Conj/Tloc      19%        2d6       26%         4
f - Necrotise             Necr           76%        1d7       2%          1
Your spell library was empty.

Dungeon Overview and Level Annotations

Branches:
Dungeon (2/15)

Altars:

Shops:
D:1 :


Innate Abilities, Weirdness & Mutations

You are immune to sickness and miasma.
You are immune to poison.
Your flesh is very heat resistant. (rF++)
You are vulnerable to cold. (rC-)
You float through the air rather than walking.
You learn spells naturally, not from books.
Your magical power is your life essence.
You have superior vitality. (+4 MHP)


Message History

Press: ? - help, Shift-Dir - straight line, f - orc priest
Aim: an orc priest, wielding a +0 whip and wearing a +0 ring mail (ally target, chance to affect: 78%) Really fire in your orc skeleton's direction?
Okay, then.
Unknown command.
Casting: Necrotise (safe; 2% risk of failure)
Confirm with . or Enter, or press ? or * to list all spells.
Aiming: Necrotise (safe; 2% risk of failure)
Press: ? - help, Shift-Dir - straight line, f - orc, p - orc priest
Aim: an orc, wielding a +0 hand axe and quivering poisoned darts (ally target, chance to affect: 89%)
The orc writhes in agony.
Your orc skeleton barely misses the orc priest.
Your orc skeleton barely misses the orc.
The orc priest begins to cast a cantrip, but forgets the words!
The orc throws a poisoned dart.
The poisoned dart hits you!
Casting: Necrotise (safe; 2% risk of failure)
Confirm with . or Enter, or press ? or * to list all spells.
Aiming: Necrotise (safe; 2% risk of failure)
Press: ? - help, Shift-Dir - straight line, f/p - orc
Aim: an orc, wielding a +0 hand axe and quivering poisoned darts (moderately wounded, ally target, chance to affect: 89%)
The orc writhes in agony!
You kill the orc!
The dead are walking!
Your orc skeleton barely misses the orc priest.
Casting: Necrotise (safe; 2% risk of failure)
Confirm with . or Enter, or press ? or * to list all spells.
Aiming: Necrotise (safe; 2% risk of failure)
Press: ? - help, Shift-Dir - straight line, f - orc priest
Aim: an orc priest, wielding a +0 whip and wearing a +0 ring mail (ally target, chance to affect: 78%)
The orc priest writhes in agony.
The orc priest invokes the aid of Beogh against you.
Beogh smites you!
* * * LOW HITPOINT WARNING * * *
Your orc skeleton barely misses the orc priest.
Your orc skeleton hits the orc priest but does no damage.
Okay, then.
Your orc skeleton hits the orc priest but does no damage.
The orc priest mumbles some strange prayers to Beogh against you.
Pain shoots through your body!
You die...

..... #..............# #...
##).....>.......# # ...
..........)....# .
#.#####.Z............######
.##.###......)...................
....#.....###.ZZ...>.........†...
......##..###..o.................
#.............#.................
###<............@.........#######
.................###..##..#
####...........#.#....##..#
##..........#.#.##..#..###
##...........#...###.#....#
#..........).#.### #..#.#.#
#..##..........# ##.#<#.#
....##...........# #.#.# #
#####............# #.#.#


You could see an orc priest (ally target) and 3 friendly orc skeletons.

Vanquished Creatures
  A dart slug (D:1)
  4 orcs (D:2)
  2 ball pythons (D:1)
  6 bats (D:1)
  5 endoplasms
  A giant cockroach (D:1)
  3 hobgoblins (D:1)
  2 kobolds (D:1)
  2 quokkas
  2 frilled lizards (D:1)
  A goblin (D:2)
  2 rats
31 creatures vanquished.

Notes
Turn   | Place    | Note
-------+----------+-------------------------------------------
     0 | D:1      | NinjaNoafa the Djinni Conjurer began the quest for the Orb.
     0 | D:1      | NinjaNoafa set off with the following spells memorised:
                  | Magic Dart, Searing Ray, Dazzling Flash, Fulminant Prism,
                  | Iskenderun's Mystic Blast.
     0 | D:1      | Reached XP level 1. HP: 15/15 MP: 0/0
   115 | D:1      | Found a faded altar of an unknown god.
   156 | D:1      | Reached skill level 1 in Fighting
   156 | D:1      | Reached XP level 2. HP: 16/22 MP: 0/0
   265 | D:1      | Found Cepn's Book Emporium.
   267 | D:1      | Reached XP level 3. HP: 16/27 MP: 0/0
   267 | D:1      | Learned a level 1 spell: Necrotise
   676 | D:2      | Killed from afar by an orc priest

Illustrated notes

Levels and vault maps discovered:
D:1:      sevenhm_arrival_forest_fort_small_3, layout_basic,
          shapermc_ecumenical_altar_notcrosses, serial_shops, shop,
          chequers_serial_rivers_small_b, minmay_curled_crystal
D:2:      layout_rooms, uniq_robin

Skill      XL: |  1  2  3 |
---------------+----------+-----
Fighting       | 1 2 |  2.0
Dodging        | |  2.1
Stealth        | |  1.5
Spellcasting   | |  3.7

Action                     || total
---------------------------++-------
  Melee: Unarmed           ||     2
         Mace              ||     6
         Punch             ||     1
   Cast: Magic Dart        ||    54
         Necrotise         ||    10
 Armour: Robe              ||     3
  Dodge: Dodged            ||     9

Table legend: (Time is in decaauts)
 A = Elapsed time spent in this place.
 B = Non-inter-level travel time spent in this place.
 C = Inter-level travel time spent in this place.
 D = Time resting spent in this place.
 E = Time spent auto-exploring this place.
 F = Levels seen in this place.
 G = Mean time per level.
                   A        B        C        D        E       F      G
               +--------+--------+--------+--------+--------+-----+--------+
         Total |    677 |    528 |    149 |      0 |     81 |   2 |  338.5 |
       Dungeon |    677 |    528 |    149 |      0 |     81 |   2 |  338.5 |
               +--------+--------+--------+--------+--------+-----+--------+

Top non-repeatable levels by time:
     D:1: 585 daAuts
     D:2: 92 daAuts
